Cogmind - Beta 16 @@@ ROGUE MODE // 2025.11.01 @ 10:41:01 Player: H3-MLN Result: Destroyed by Triborg with Siege Cannon Performance ------------- Evolutions (0) 0 Regions Visited (5) 1000 Robots Destroyed (28) 140 Value Destroyed (765) 765 Prototype IDs (27) 540 Alien Tech Used (0) 0 Bonus (131) 131 TOTAL SCORE: 2576 Bonus ------- Registered with UFD 300 Friendly Fire -169 Cogmind --------- Core Integrity 0/250 Matter 300/300 Energy 90/100 System Corruption 0% Temperature Cool (21) Movement Flying (40) Location -7/Scraptown Parts ------- > --- POWER (1) -------- (None) > --- PROPULSION (2) --- Xenon Bombardment Thruster > --- UTILITY (2) ------ Improved Light Armor Plating > --- WEAPON (2) ------- Power Sword > --- INVENTORY (5) ---- Remote Datajack CPS Tube (2) CPS Tube (2) Makeshift Spear Vortex Trap Peak State ------------ > --- POWER ------------ Subdweller Power Source > --- PROPULSION ------- Spiked Treads Spiked Treads > --- UTILITY ---------- High-capacity Storage Unit Makeshift Light Armor Plating > --- WEAPON ----------- Subdweller Laser Heavy Battle Rifle > --- INVENTORY -------- Arachnoskeleton Wheel Subdweller Monowheel Flight Unit Flight Unit High-capacity Matter Pod Scrap Shield Riot Gun Spread Laser Spread Laser Spread Laser Subdweller Beam Cannon Subdweller Machine Gun Subdweller Machine Gun Subdweller Machine Gun Battle Cannon Makeshift Spear [Rating: 22] Favorites ----------- Power Subdweller Power Source Engine Subdweller Power Source Propulsion Spiked Treads Treads Spiked Treads Wheel Wheel Flight Unit Xenon Bombardment Thruster Utility High-capacity Storage Unit Device Improved Heat Sink Storage High-capacity Storage Unit Protection Makeshift Light Armor Plating Weapon Subdweller Beam Cannon Energy Gun Subdweller Laser Energy Cannon Subdweller Beam Cannon Ballistic Gun Heavy Battle Rifle Ballistic Cannon Light Cannon Special Weapon Remote Datajack Slashing Weapon Power Sword Piercing Weapon Makeshift Spear Build | -11 -10 -10 -10 -7 -7 ------- Run | Yrd Mat Min Sub Rec Scr Slots Evolved . | . . . . . . Power . | . . . . . . Propulsion . | . . . . . . Utility . | . . . . . . Weapon . | . . . . . . Parts Attached 40 | 6 4 . 23 . 7 Power 5 | 1 1 . 3 . . Engine 5 | 1 1 . 3 . . Core . | . . . . . . Reactor . | . . . . . . Propulsion 10 | 2 . . 5 . 3 Treads 4 | . . . 4 . . Leg . | . . . . . . Wheel 4 | 2 . . 1 . 1 Hover . | . . . . . . Flight 2 | . . . . . 2 Utility 7 | 1 2 . 3 . 1 Device 2 | . 1 . 1 . . Storage 3 | 1 1 . 1 . . Processor . | . . . . . . Hackware . | . . . . . . Protection 2 | . . . 1 . 1 Artifact . | . . . . . . Weapon 18 | 2 1 . 12 . 3 Energy Gun 3 | 1 . . 2 . . Energy Cannon 3 | . . . 3 . . Ballistic Gun 4 | 1 . . 3 . . Ballistic Cannon 4 | . 1 . 3 . . Launcher . | . . . . . . Special Weapon 2 | . . . . . 2 Impact Weapon . | . . . . . . Slashing Weapon 1 | . . . . . 1 Piercing Weapon 1 | . . . 1 . . Special Melee Weapon . | . . . . . . Unidentified Prototypes . | . . . . . . Parts Lost 9 | . 1 . 7 . 1 Power 1 | . 1 . . . . Propulsion 4 | . . . 3 . 1 Utility 1 | . . . 1 . . Weapon 3 | . . . 3 . . Highest Loss Streak 3 | . 1 . 3 . 1 To Critical Strikes . | . . . . . . Average Backups 16 | 3 9 15 18 17 15 Power . | . 1 . . . . Propulsion 4 | 1 4 6 5 5 4 Utility 1 | . . . 1 2 1 Weapon 9 | 1 3 9 10 10 8 Tool/Special . | . . . . . . Unused Backups 29 | . . . 7 . 22 Power 1 | . . . . . 1 Propulsion 7 | . . . 2 . 5 Utility 7 | . . . 1 . 6 Weapon 12 | . . . 4 . 8 Tool/Special 2 | . . . . . 2 Average Slot Usage (%) 97 | . 95 100 99 100 95 Engine 12 | . 13 14 14 14 10 Treads 22 | . . . 24 28 24 Wheel 5 | . 28 28 3 . 2 Device 2 | . 10 14 3 . . Storage 16 | . 14 14 22 14 13 Protection 8 | . . . 2 14 14 Energy Gun 1 | . . . 3 . . Energy Cannon 10 | . . . 7 14 13 Ballistic Gun 5 | . 14 14 12 . . Ballistic Cannon 4 | . 13 14 4 14 3 Special Weapon 5 | . . . . . 10 Peak Build Rating 22 | 6 11 11 22 20 22 Average Rating 18 | 3 8 10 17 20 20 On Entrance 11 | . 6 10 11 20 20 Avg Prop Armor Cover (%) 13 | . . . 13 . 14 Naked Turns . | . . . . . . Heaviest Build 61 | 13 51 49 61 60 60 Greatest Support 40 | 26 26 26 40 40 40 Greatest Overweight (x) 5 | . 1 1 5 1 5 Average Overweight (x) 1 | . . 1 1 1 2 Largest Inventory Capacity 20 | 8 20 20 20 20 20 Average Capacity 19 | 6 15 20 20 20 19 Most Carried 20 | 6 16 16 20 20 20 Average Carried 17 | 3 9 15 19 20 17 Final Capacity 20 | 8 20 20 20 20 5 Final Carried 20 | 5 15 16 20 20 5 Class Distribution -------------------- 69% | Derelict-Mutant 30% | Mutant Dominant Class ---------------- Mutant | -10/Materials Mutant | -10/Mines Derelict-Mutant | -10/Subcaves Derelict-Mutant | -7/Recycling Derelict-Mutant | -7/Scraptown Resources | -11 -10 -10 -10 -7 -7 ----------- Run | Yrd Mat Min Sub Rec Scr Matter Collected 1491 | 228 156 113 889 . 105 Remotely . | . . . . . . Salvage Created 749 | 16 208 28 487 . 10 Parts 46 | 3 14 2 24 . 3 Haulers Intercepted 1 | . 1 . . . . Recyclers Shooed . | . . . . . . Parts Field Recycled . | . . . . . . Retrieved Matter . | . . . . . . Parts Self-Destructed 8 | . . . 8 . . Prevented . | . . . . . . Parts Restored . | . . . . . . Kills | -11 -10 -10 -10 -7 -7 ------- Run | Yrd Mat Min Sub Rec Scr Combat Hostiles Destroyed 24 | . 7 . 17 . . Guns 7 | . 3 . 4 . . Cannons 17 | . 4 . 13 . . Classes Destroyed 9 | 1 4 1 2 . 1 Worker 1 | . . 1 . . . Tunneler 1 | 1 . . . . . Hauler 1 | . 1 . . . . Operator 1 | . 1 . . . . Swarmer 7 | . 3 . 4 . . Grunt 4 | . 4 . . . . Artisan 1 | . . . 1 . . Subdweller 13 | . . . 13 . . Tinkerer 1 | . . . . . 1 Best Kill Streak 4 | 1 3 1 4 . . Combat Bots Only 4 | . 3 . 4 . . Max Kills in Single Turn 1 | 1 1 1 1 . 1 Gunslinging . | . . . . . . Exploded . | . . . . . . Melee . | . . . . . . Uniques/NPCs Destroyed . | . . . . . . Combat | -11 -10 -10 -10 -7 -7 -------- Run | Yrd Mat Min Sub Rec Scr Hostile Shots Fired 206 | . 24 . 166 . 16 Missed 68 | . 4 . 58 . 6 Hits 138 | . 20 . 108 . 10 Projectile 138 | . 20 . 108 . 10 AOE 1 | . . . . . 1 Critical Strikes 1 | . . . 1 . . Damage Taken 1951 | . 200 . 1498 . 253 Core 359 | . 24 . 198 . 137 Absorbed by Shields . | . . . . . . Core Remaining (%) 100 | 100 . . . . . Volleys Fired 132 | 5 23 6 96 . 2 Largest 2 | 2 2 2 2 . 1 Hottest 113 | 60 50 50 113 . 5 Shots Fired 238 | 10 46 12 168 . 2 Gun 116 | 10 23 6 77 . . Cannon 120 | . 23 6 91 . . Launcher . | . . . . . . Special 2 | . . . . . 2 Kinetic 188 | 5 46 12 125 . . Thermal 48 | 5 . . 43 . . Explosive . | . . . . . . Electromagnetic . | . . . . . . Robot Hit Streak 15 | 4 6 8 15 . 5 Robot Miss Streak 4 | 2 3 4 2 . . Penetration Max . | . . . . . . Secondary Targets . | . . . . . . Shots Hit Robots 133 | 6 28 7 89 . 3 Core Hits 45 | 1 14 2 27 . 1 Critical Kills . | . . . . . . Critical Parts Destroyed 1 | . . . 1 . . Critical Strikes 3 | . 1 1 1 . . Destroy 1 | . . . 1 . . Blast 2 | . 1 1 . . . Melee Attacks 5 | . . . 2 . 3 Impact . | . . . . . . Slashing 3 | . . . . . 3 Piercing 2 | . . . 2 . . Sneak Attacks 1 | . . . . . 1 Combat Hostiles . | . . . . . . Follow-up Attacks . | . . . . . . Damage Inflicted 2417 | 67 418 92 1766 . 74 Guns 841 | 67 163 36 575 . . Cannons 1502 | . 255 56 1191 . . Explosions . | . . . . . . Melee 74 | . . . . . 74 Ramming . | . . . . . . Kinetic 1775 | 32 418 92 1233 . . Thermal 568 | 35 . . 533 . . Explosive . | . . . . . . Electromagnetic . | . . . . . . Impact . | . . . . . . Slashing 74 | . . . . . 74 Piercing . | . . . . . . Highest Corruption . | . . . . . . Average Corruption . | . . . . . . Corruption Purged . | . . . . . . Corruption Blocked . | . . . . . . Overload Shots . | . . . . . . Overflow Damage 36 | . 1 . 35 . . Projectiles 36 | . 1 . 35 . . Explosions . | . . . . . . Melee . | . . . . . . Knockbacks 7 | . 2 1 4 . . Impact . | . . . . . . Kinetic 7 | . 2 1 4 . . Secondary . | . . . . . . Self-Inflicted Damage . | . . . . . . Shots . | . . . . . . Rammed . | . . . . . . Targets Rammed . | . . . . . . Kicked . | . . . . . . Crushed . | . . . . . . Highest Temperature 21 | . 2 . 3 . 21 Average Temperature 4 | . 2 . 3 . 21 Received Heat Transfer 546 | . 72 . 438 . 36 Siege Activations . | . . . . . . Martial Activations . | . . . . . . Shielding Activations . | . . . . . . Robots Disrupted . | . . . . . . Combat Hostiles . | . . . . . . Robots Corrupted . | . . . . . . Combat Hostiles . | . . . . . . Parts Fried . | . . . . . . Impact Corruptions . | . . . . . . Robots Melted . | . . . . . . Combat Hostiles . | . . . . . . Parts Melted 6 | . . . 6 . . Heat Transferred 769 | 75 . . 694 . . Parts Sabotaged . | . . . . . . Parts Stolen . | . . . . . . Parts Stripped . | . . . . . . Power Chain Reactions . | . . . . . . Alert | -11 -10 -10 -10 -7 -7 ------- Run | Yrd Mat Min Sub Rec Scr Maximum Alert Level . | . . . . . . Low Security (%) 100 | 100 100 100 . 100 . Level 1 . | . . . . . . Level 2 . | . . . . . . Level 3 . | . . . . . . Level 4 . | . . . . . . Level 5 . | . . . . . . High Security . | . . . . . . Max Security . | . . . . . . Peak Influence 97 | 5 97 16 . 95 . Initial 75 | . . 16 . 75 . Average 23 | . 49 . . 60 . Influence Increases 437 | 5 183 5 200 44 . Destroy 0b10 Robot/C 220 | . 140 . 80 . . Destroy 0b10 Robot/NC 20 | 5 10 5 . . . Destroy Leader 32 | . 32 . . . . Successful Hack 14 | . . . . 14 . Select Force Hacks 30 | . . . . 30 . Destroy Structure 1 | . 1 . . . . Lose Combat Pursuer 120 | . . . 120 . . Influence Decreases 437 | 5 140 48 43 182 19 Entered New Map 128 | . . 27 . 82 19 Time Decay 299 | 5 130 21 43 100 . Lost Part 10 | . 10 . . . . Squads Dispatched 1 | . 1 . . . . Investigation . | . . . . . . Extermination . | . . . . . . Reinforcement 1 | . 1 . . . . Assault . | . . . . . . Garrison . | . . . . . . Intercept . | . . . . . . Searches Triggered . | . . . . . . Construction Impeded . | . . . . . . Haulers Reinforced . | . . . . . . Active Scanning Responses . | . . . . . . Cargo Convoy Interrupts . | . . . . . . Stealth | -11 -10 -10 -10 -7 -7 --------- Run | Yrd Mat Min Sub Rec Scr Distress Signals 1 | . 1 . . . . Communications Jammed . | . . . . . . Distress Signals . | . . . . . . Times Spotted 40 | . 10 . 22 . 8 Peak Tracking Total 11 | . 3 . 6 . 11 Tactical Retreats 4 | . . . 4 . . Traps | -11 -10 -10 -10 -7 -7 ------- Run | Yrd Mat Min Sub Rec Scr Traps Triggered 3 | . . . 3 . . Indirectly . | . . . . . . Trap Hack Attempts . | . . . . . . Triggered . | . . . . . . Disarmed . | . . . . . . Reprogrammed . | . . . . . . Reused . | . . . . . . Traps Extracted . | . . . . . . Installed 1 | . . . . . 1 Triggered . | . . . . . . Most Traps Carried 1 | . . . . . 1 Machines | -11 -10 -10 -10 -7 -7 ---------- Run | Yrd Mat Min Sub Rec Scr Machines Disabled 4 | . . . 1 . 3 Max in Single Turn 1 | . . . 1 . 1 Machines Repaired . | . . . . . . Machines Dismantled . | . . . . . . Machines Sabotaged . | . . . . . . Overloaded Fab Kills . | . . . . . . Hacking | -11 -10 -10 -10 -7 -7 --------- Run | Yrd Mat Min Sub Rec Scr Machines Accessed 6 | . 1 . 1 2 2 Terminals 2 | . 1 . . 1 . Fabricators . | . . . . . . Repair Stations . | . . . . . . Recycling Units 1 | . . . . 1 . Scanalyzers . | . . . . . . Garrison Access . | . . . . . . Total Hacks 12 | . 1 . 1 4 6 Successful 10 | . . . 1 3 6 Failed 2 | . 1 . . 1 . Catastrophic 1 | . 1 . . . . Database Lockouts . | . . . . . . Manual 2 | . 1 . . 1 . Terminals 3 | . 1 . . 2 . Fabricators . | . . . . . . Repair Stations . | . . . . . . Recycling Units 2 | . . . . 2 . Scanalyzers . | . . . . . . Garrison Access . | . . . . . . Terminal Hacks 8 | . . . 1 1 6 Robot Analysis 5 | . . . . . 5 Prototype ID Bank 1 | . . . . 1 . Proto ID Catalog 2 | . . . 1 . 1 Fabricator Hacks . | . . . . . . Repair Station Hacks . | . . . . . . Recycling Unit Hacks 1 | . . . . 1 . Report Inventory 1 | . . . . 1 . Scanalyzer . | . . . . . . Garrison Access Hacks . | . . . . . . Unauthorized Hacks 1 | . . . . 1 . Terminals . | . . . . . . Fabricators . | . . . . . . Repair Stations . | . . . . . . Recycling Units 1 | . . . . 1 . Tunnel 1 | . . . . 1 . Scanalyzers . | . . . . . . Garrison Access . | . . . . . . Data Cores Recovered . | . . . . . . Used . | . . . . . . Hacking Detections 2 | . 1 . . 1 . Full Trace Events . | . . . . . . Feedback Events . | . . . . . . Feedback Blocked . | . . . . . . Robot Schematics Acquired . | . . . . . . Robots Built . | . . . . . . Authchips . | . . . . . . Time . | . . . . . . Total Robot Build Rating . | . . . . . . Part Schematics Acquired 1 | . . . . . 1 Parts Built . | . . . . . . Authchips . | . . . . . . Time . | . . . . . . Total Part Build Rating . | . . . . . . Part Studies Acquired . | . . . . . . Parts Repaired . | . . . . . . Time . | . . . . . . Parts Recycled . | . . . . . . Recycled Matter . | . . . . . . Retrieved Matter . | . . . . . . Retrieved Components . | . . . . . . Parts Scanalyzed . | . . . . . . Part Schematics Acquired . | . . . . . . Parts Damaged . | . . . . . . Bothacking | -11 -10 -10 -10 -7 -7 ------------ Run | Yrd Mat Min Sub Rec Scr Used RIF Installer . | . . . . . . Robots Hacked 1 | . . . . . 1 Non-combat . | . . . . . . Combat 1 | . . . . . 1 Robot Hacks Applied 1 | . . . . . 1 parse_system 1 | . . . . . 1 Relay Couplers Released . | . . . . . . Fabnet Peak Effective % . | . . . . . . Robots Rewired . | . . . . . . Allies Hacked . | . . . . . . Hacks Repelled . | . . . . . . Allies | -11 -10 -10 -10 -7 -7 -------- Run | Yrd Mat Min Sub Rec Scr Total Allies 1 | . . . . . 1 Largest Group 1 | . . . . . 1 Highest-Rated Group 68 | . . . . . 68 Highest-Rated Ally 68 | . . . . . 68 Total Orders 1 | . . . . . 1 STAY 1 | . . . . . 1 Ally Attacks 5 | . . . . . 5 Total Damage 242 | . . . . . 242 Kills 1 | . . . . . 1 Allies Corrupted . | . . . . . . Allies Melted . | . . . . . . Intel | -11 -10 -10 -10 -7 -7 ------- Run | Yrd Mat Min Sub Rec Scr Active Infowar (turns) 478 | . . . 478 . . Optics 478 | . . . 478 . . Robot Analysis Total 5 | . . . . . 5 Derelict Logs Recovered 5 | . . . 1 . 4 Drone Launches . | . . . . . . Drone Recoveries . | . . . . . . Exploration | -11 -10 -10 -10 -7 -7 ------------- Run | Yrd Mat Min Sub Rec Scr Turns Passed 11636 | 94 319 597 4044 216 6366 Spaces Moved 5699 | 75 227 551 1713 84 3049 Core 73 | 12 . . . . 61 Treads 3016 | . . . 1082 84 1850 Legs . | . . . . . . Wheels 2315 | 63 227 551 631 . 843 Hover . | . . . . . . Flight 295 | . . . . . 295 Fastest Speed 34 | 50 90 105 105 260 34 Average Speed 193 | 84 99 105 213 260 206 Slowest Speed 260 | 100 105 105 260 260 260 Overloaded Moves . | . . . . . . Propulsion Burnouts . | . . . . . . Robots Hopped 1 | . . . . . 1 Potential Cave-ins . | . . . . . . Cave-ins Triggered . | . . . . . . Exploration Rate (%) 54 | 3 43 86 86 20 89 Regions Visited 5 Branch Regions 4 Pre-discovered Areas 1 | . . . . 1 . Known Exits Taken . | . . . . . . Unknown Exits Taken 5 | 1 1 1 1 1 . Scrap Searched 18 | . . 1 12 . 5 Spaces Dug 4 | . . . 3 . 1 Terrain Destroyed 12 | . . . 11 . 1 Melee 1 | . . . . . 1 Projectile 11 | . . . 11 . . AOE . | . . . . . . Terrain Rammed . | . . . . . . Walls Destroyed . | . . . . . . Machines Disabled . | . . . . . . Actions | -11 -10 -10 -10 -7 -7 --------- Run | Yrd Mat Min Sub Rec Scr Total 6078 | 93 274 557 1932 83 3139 Wait 88 | 1 8 . 58 . 21 Move 5692 | 74 226 550 1712 83 3047 Hop 1 | . . . . . 1 Pick Up 59 | 7 12 1 16 . 23 Fast Attach 13 | 4 1 . 3 . 5 Attach 11 | 2 1 . 8 . . Detach 1 | . . . 1 . . Swap 23 | . 2 . 18 . 3 Drop 52 | . 1 . 18 . 33 Fire 132 | 5 23 6 96 . 2 Melee 5 | . . . 2 . 3 Ram . | . . . . . . Kick . | . . . . . . Crush . | . . . . . . Escape Stasis . | . . . . . . Rewire . | . . . . . . Trap 1 | . . . . . 1 Miscellaneous . | . . . . . . Route ------- -11/Scrapyard -10/Materials -10/Mines (discovered 3 exits: [*Mat] / [*Exi] / *Sub) -10/Subcaves (discovered 2 exits: [*Mat] / *Rec) -7/Recycling -7/Scraptown (discovered 1 exit: [*Fac]) History --------- Turn | Location | Event 5 | -11/Scrapyard | Discovered new exit (range 15) 95 | -11/Scrapyard | Entered Materials 310 | -10/Materials | Build established: Mutant 376 | -10/Materials | Discovered new exit (range 7) 414 | -10/Materials | Entered Mines 802 | -10/Mines | Discovered new exit (range 10) 955 | -10/Mines | Deemed a non-threat by the Exiles lab entrance 956 | -10/Mines | Discovered new exit (range 5) 1006 | -10/Mines | Discovered new exit (range 6) 1011 | -10/Mines | Entered Subcaves 1600 | -10/Subcaves | Lost 3 parts (1n1u1w) 2015 | -10/Subcaves | Discovered new exit (range 9) 2038 | -10/Subcaves | Core integrity fell below 50% 2303 | -10/Subcaves | Shifting Twisted Machinery released Humpback 2303 | -10/Subcaves | Shifting Twisted Machinery released Battle Cannon 2359 | -10/Subcaves | Build established: Derelict-Mutant 2648 | -10/Subcaves | Learned Materials garrison access intel 3536 | -10/Subcaves | Visited 4L-MR0's lab 3566 | -10/Subcaves | Found Arachnoskeleton 4202 | -10/Subcaves | Discovered new exit (range 15) 5039 | -10/Subcaves | Core integrity fell below 20% 5055 | -10/Subcaves | Entered Recycling 5211 | -7/Recycling | Scanned before Scraplab entrance 5248 | -7/Recycling | Entered Scraplab 5269 | -7/Recycling | Discovered new exit (range 2) 5271 | -7/Recycling | Entered Scraptown 5526 | -7/Scraptown | Visited IN-MT5's Study 5615 | -7/Scraptown | Visited Cyclists 5661 | -7/Scraptown | Visited Cave Peace 5698 | -7/Scraptown | Visited Fellowship of the Rings 5742 | -7/Scraptown | Visited UFD Registry 5742 | -7/Scraptown | Registered with UFD as "Gunforce" 5812 | -7/Scraptown | Visited Science Guys 5976 | -7/Scraptown | Visited Scrap Suit Storage 6010 | -7/Scraptown | Visited DA-N13 Charitable Foundation 6020 | -7/Scraptown | Found DCF Scrap (30 items) 6067 | -7/Scraptown | Visited Modified Component R&D 6158 | -7/Scraptown | Visited Botcube Research 6210 | -7/Scraptown | Visited Analyses Database 6272 | -7/Scraptown | Visited Junk Repository 6639 | -7/Scraptown | Delivered Scrap Shield to a Scientist 7181 | -7/Scraptown | Heard Great Nut preacher, LISTEN AND RECITE! 7246 | -7/Scraptown | Scanned Subdweller tech in exchange for log data 7251 | -7/Scraptown | Learned Research terminal intel 7254 | -7/Scraptown | Learned 12 Research zone layouts 7257 | -7/Scraptown | Learned location of 1 exit from Factory 7259 | -7/Scraptown | Learned location of 1 exit from Upper Caves 8367 | -7/Scraptown | Visited TADAMA 8455 | -7/Scraptown | Entered Cyclist Reading Room 8510 | -7/Scraptown | Visited Assassins FH 8668 | -7/Scraptown | Discovered new exit (range 13) 9594 | -7/Scraptown | Visited Junk Repository 9894 | -7/Scraptown | Found Botcube 10250 | -7/Scraptown | Found Scrap Suit 10389 | -7/Scraptown | Build established: Mutant 10885 | -7/Scraptown | Botcube activated 10905 | -7/Scraptown | Botcube completed mutation into legged form, armed with 1 gun, 1 launcher. 11085 | -7/Scraptown | Warned about trapping Scraptown 11159 | -7/Scraptown | Attached CPS modules to *Driver. 11625 | -7/Scraptown | Attacked by Scraptown defenders 11637 | -7/Scraptown | Destroyed by Triborg with Siege Cannon Last Messages --------------- 11587_ Acquired CPS Tube. 11607_ Acquired Vortex Trap. 11613_ Acquired Remote Datajack. 11614_ Acquired Mak. Spear. 11624_ Sneak attack on IN-MT5. 11624_ IN-MT5 destroyed. 11625_ ANNOUNCEMENT: Intruder alert! Defend Scraptown! 11627_ IN-MT5's Safe breached. 11630_ Extracted schematic archive: IN-MT5's Pitchfork "Insurrection". 11632_ Acquired 10 matter. 11634_ Penetrated by Bolt. 11634_ Bolt penetrates Z6-TDZ(g). 11636_ KR-ESB(h): "Yet another abomination from the caves." 11636_ Chain reaction triggered in Lgt. Ion Engine. 11637_ Triborg activates siege mode. 11637_ Penetrated by Bolt. 11637_ Cesium-ion Thruster destroyed. 11637_ Penetrated by Bolt. 11637_ Dropped Mak. Light Armor Plating. 11637_ Penetrated by Siege Slug. Map ----- +----------------------------------------------------+ | # " ??# #??????? | | # " ??# #??????? | | # " ?# ################# #???#### | | # " ?# #???????????????# #???#""" | | # " # #???????????????# #???#""" | | # " # #???????????????# #???#""" | | # " #???????????????# #???#""" | | ??#"" # #???????????????# #???#""" | | ??###""" # #????############ ###?#""" | | ????#####?# #????# ## ""#"#""" | | ??????????# #????# ## """"#""" | | ?????###### #????# """"" ## ""###### | | ?????#"X" # #????# """"" ## ###????? | | ?????# # #????# """"" ## ######## | | ?????# #????# ## | | ?????# # #????# ## | | ###### # #????# ## | | ""# # #????# ## | | " # ## # ^############ ####j T | | X # # g T | | # "# # = | | #""X##""" #E h = | | ########### | | ????####### % g | | ???## p #"""" | | ???# @ #???? | | ##### g x #???? | | ############ ####;; ;###### ### ####???? | | #????????? ?###; ## #??????? | | ""### #??????? "#??##" """## #??????? | | "#?# #????? ""#???#"k " ## #??????? | | "#?# #???? ""#???#"" * " ## #??????? | | "#?# #???" ""#???#""" = " ## #??????? | | "#?# #???" ""#???#"" ! " ## #??????? | | "#?# #???" " " ""????#" "#### #??????? | | ""#?# #???""""X"""""?????#" " ## #??????? | | ###?# #????""""""""??????#"""""""#### #??????? | | #???# #?????????###??????#########??# #??????? | | #???# #?????????????????????????????# #??????? | | #???# #??????????????????????######## #??????? | | #???# #??????????????????????"""""""" #??????? | | ##### #?????????????????????""" """"" #??????? | | ##????????????##?????""" " "" #??????? | | #???????????? #??????? | | ##???###????## #???#"" "" "" " #??????? | | # ### ##???"""""???"" "#??????"""""""" #??????? | | # #?###????"" ""??""" "#???????""""""" #??????? | | # ######???"" "?#""" "#????????###### #??????? | | " """""#??#" ""##"" "#?############# #??????? | | " " "#??#"" ""##"" "#?#"""""""""""# #??????? | +----------------------------------------------------+ Best States ------------- Heat Dissipation 39 Energy Generation 15 Energy Capacity 250 Matter Stores 500 Matter Capacity 500 Sight Range 21 Terrain Scan Density 10 Armor Coverage 250 Evasion (%) 63 Recoil Reduction 2 Item Schematics ----------------- IN-MT5's Pitchfork "Insurrection" | -7/Scraptown | Archive Robot Schematics ------------------ None Fabricated ------------ Nothing Repaired ---------- Nothing Studied --------- None Alien Tech Used ----------------- None Achievements -------------- None Challenges ------------ None Game ------ Seed OmegaThunderMaul Manual? 0 Play Time 00:36:22 Cumulative 1020.3 hours Start 2025.11.01 @ 10:04:03 End 2025.11.01 @ 10:41:01 Sessions 1 Manual Loads 0 Difficulty Rogue Special Mode None Game No. 370 Rogue 365 Adventurer 4 Explorer 1 Win Type - Total 21 Types 13/3/1/1/0/1/0/0/1/1 Lore% 96 Gallery% 94 Achievement% 78 Wizard Run 0 Options --------- Layout 0 ASCII 0 Keyboard 0 Movement Numpad Keybinds 0 Fullscreen 2 Font 18/SmallcapsGlow Map View 76x50 Zoom Use 0% Tactical HUD 1 Map Filters NONE Filters NONE Steam 1 RUN: b38173ed-56c6-4e99-9d68-247787e84cdc